3AAA
BRINKLEY BELUGAS @ SIOUX FALLS RED PANDAS
07/31/2025
 
TOP OF THE 1ST
Brinkley Belugas batting - Pitching for Sioux Falls Red Pandas : RHP Calvin Beck
Pitching: RHP Calvin Beck
Batting: RHB Randy Tucker 0-0: Called Strike
0-1: Ball
1-1: Fly out, F8 (Flyball, 8LM)
Batting: RHB Jay Kidd 0-0: Ball
1-0: Ball
2-0: Foul Ball, location: 2F
2-1: Foul Ball, location: 2F
2-2: Foul Ball, location: 2F
2-2: Strikes out swinging
Batting: RHB Reggie Kahn 0-0: Ball
1-0: Ball
2-0: Ball
3-0: Called Strike
3-1: Called Strike
3-2: Base on Balls
Batting: RHB Steve Jones 0-0: Ball
1-0: Called Strike
Pickoff Throw to First - Out!
Top of the 1st over - 0 run(s), 0 hit(s), 0 error(s), 0 left on base; Brinkley 0 - Sioux Falls 0
BOTTOM OF THE 1ST
Sioux Falls Red Pandas batting - Pitching for Brinkley Belugas : RHP Chae-seong Kim
Pitching: RHP Chae-seong Kim
Batting: RHB Emílio Ortíz 0-0: Ground out 4-3 (Groundball, 4)
Batting: RHB Jesús Vásquez 0-0: Called Strike
0-1: Ball
1-1: Foul Ball, location: 2F
1-2: Fly out, F9 (Flyball, 9S)
Batting: LHB Armando Becerra 0-0: Called Strike
0-1: Ball
1-1: SINGLE (Flyball, 8RS)
Batting: RHB Mario Piña 0-0: SINGLE (Flyball, 89S)
Armando Becerra to second
Runner from 2nd tries for 3rd, SAFE, throw made to third
Batting: LHB Magali Lenidas 0-0: Called Strike
0-1: Ball
1-1: Foul Ball, location: 2F
1-2: Foul Ball, location: 2F
1-2: Foul Ball, location: 2F
1-2: Foul Ball, location: 2F
1-2: Fly out, F9 (Line Drive, 9)
Bottom of the 1st over - 0 run(s), 2 hit(s), 0 error(s), 2 left on base; Brinkley 0 - Sioux Falls 0
TOP OF THE 2ND
Brinkley Belugas batting - Pitching for Sioux Falls Red Pandas : RHP Calvin Beck
Batting: RHB Steve Jones 0-0: Ball
1-0: Called Strike
1-1: Foul Ball, location: 2F
1-2: Ball
2-2: Foul Ball, location: 2F
2-2: Strikes out swinging
Batting: RHB Jason Weston 0-0: Ball
1-0: SINGLE (Line Drive, 7S)
Batting: SHB Noel King 0-0: Ball
1-0: Ground out U3 (Groundball, 34)
Jason Weston to second
Batting: RHB Tom Christensen 0-0: Ball
1-0: Foul Ball, location: 2F
1-1: Hit by Pitch
Batting: RHB Parker Smith 0-0: Called Strike
0-1: Called Strike
0-2: Strikes out swinging
Top of the 2nd over - 0 run(s), 1 hit(s), 0 error(s), 2 left on base; Brinkley 0 - Sioux Falls 0
BOTTOM OF THE 2ND
Sioux Falls Red Pandas batting - Pitching for Brinkley Belugas : RHP Chae-seong Kim
Batting: RHB Eduardo Sánchez 0-0: Ball
1-0: Ball
2-0: Called Strike
2-1: Ball
3-1: Base on Balls
Batting: SHB Tsing Guao 0-0: Ball
1-0: Ball
2-0: Swinging Strike
2-1: Called Strike
2-2: Ball
3-2: Foul Ball, location: 2F
3-2: Grounds into double play, 4-6-3 (Groundball, 4)
Batting: SHB Todd Hill 0-0: Ball
1-0: Ball
2-0: Ball
3-0: Base on Balls
Batting: RHB David Morales 0-0: Ball
1-0: Called Strike
1-1: Fly out, F4 (Popup, 4D)
Bottom of the 2nd over - 0 run(s), 0 hit(s), 0 error(s), 1 left on base; Brinkley 0 - Sioux Falls 0
TOP OF THE 3RD
Brinkley Belugas batting - Pitching for Sioux Falls Red Pandas : RHP Calvin Beck
Batting: RHB Alonso Rivera 0-0: Ball
1-0: Called Strike
1-1: Fly out, F9 (Flyball, 9LS)
Batting: RHB Randy Tucker 0-0: Ball
1-0: Fly out, F8 (Flyball, 8RM)
Batting: RHB Jay Kidd 0-0: Ball
1-0: Foul Ball, location: 2F
1-1: Ball
2-1: Fly out, F8 (Flyball, 8RXD)
Top of the 3rd over - 0 run(s), 0 hit(s), 0 error(s), 0 left on base; Brinkley 0 - Sioux Falls 0
BOTTOM OF THE 3RD
Sioux Falls Red Pandas batting - Pitching for Brinkley Belugas : RHP Chae-seong Kim
Batting: RHB Emílio Ortíz 0-0: Called Strike
0-1: Called Strike
0-2: Foul Ball, location: 2F
0-2: Foul Ball, location: 2F
0-2: Ball
1-2: Ball
2-2: Fly out, F9 (Flyball, 89M)
Batting: RHB Jesús Vásquez 0-0: Called Strike
0-1: Ball
1-1: Ball
2-1: Foul Ball, location: 2F
2-2: Ball
3-2: SINGLE (Flyball, 7LS)
Batting: LHB Armando Becerra 0-0: Swinging Strike
0-1: Ball
1-1: Swinging Strike
1-2: Strikes out swinging
Batting: RHB Mario Piña 0-0: Ball
1-0: Called Strike
1-1: Called Strike
1-2: Ball
2-2: Foul Ball, location: 2F
2-2: Fielders Choice at 2nd, 6-4 (Groundball, 6)
Bottom of the 3rd over - 0 run(s), 1 hit(s), 0 error(s), 0 left on base; Brinkley 0 - Sioux Falls 0
TOP OF THE 4TH
Brinkley Belugas batting - Pitching for Sioux Falls Red Pandas : RHP Calvin Beck
Batting: RHB Reggie Kahn 0-0: Ball
1-0: Ball
2-0: Called Strike
2-1: Ball
3-1: Called Strike
3-2: Foul Ball, location: 2F
3-2: Base on Balls
Batting: RHB Steve Jones 0-0: Ball
1-0: Ball
2-0: Called Strike
2-1: Fielders Choice at 2nd, 3-6 (Groundball, 3)
Batting: RHB Jason Weston 0-0: Ball
1-0: Foul Ball, location: 2F
1-1: Swinging Strike
1-2: Ball
2-2: Fly out, F9 (Line Drive, 9)
Batting: SHB Noel King 0-0: Called Strike
0-1: Ball
1-1: Foul Ball, location: 2F
1-2: Ball
Steve Jones steals 2nd base
2-2: Ball
3-2: Fly out, F7 (Flyball, 7S)
Top of the 4th over - 0 run(s), 0 hit(s), 0 error(s), 1 left on base; Brinkley 0 - Sioux Falls 0
BOTTOM OF THE 4TH
Sioux Falls Red Pandas batting - Pitching for Brinkley Belugas : RHP Chae-seong Kim
Batting: LHB Magali Lenidas 0-0: Called Strike
0-1: Called Strike
0-2: Ball
1-2: Strikes out swinging
Batting: RHB Eduardo Sánchez 0-0: Foul Ball, location: 2F
0-1: Ball
1-1: Ball
2-1: Swinging Strike
2-2: Ground out 5-3 (Groundball, 56S)
Batting: SHB Tsing Guao 0-0: Called Strike
0-1: SINGLE (Groundball, 4MD)
Batting: SHB Todd Hill 0-0: Ball
1-0: Ball
2-0: Called Strike
2-1: Ground out 3-1 (Groundball, 23)
Bottom of the 4th over - 0 run(s), 1 hit(s), 0 error(s), 1 left on base; Brinkley 0 - Sioux Falls 0
TOP OF THE 5TH
Brinkley Belugas batting - Pitching for Sioux Falls Red Pandas : RHP Calvin Beck
Batting: RHB Tom Christensen 0-0: Swinging Strike
0-1: Ball
1-1: Foul Ball, location: 2F
1-2: Ground out 6-3 (Groundball, 6D)
Batting: RHB Parker Smith 0-0: Hit by Pitch
Batting: RHB Alonso Rivera 0-0: Called Strike
0-1: Ball
1-1: Foul Ball, location: 2F
1-2: Foul Ball, location: 2F
1-2: Ball
2-2: Fly out, F9 (Flyball, 9LM)
Batting: RHB Randy Tucker 0-0: Ball
1-0: Foul Ball, location: 2F
1-1: Ball
2-1: Ball
3-1: Foul Ball, location: 2F
3-2: Foul Ball, location: 2F
3-2: Base on Balls
Parker Smith to second
Batting: RHB Jay Kidd 0-0: Foul Ball, location: 2F
0-1: Ball
1-1: Swinging Strike
1-2: Ball
2-2: Ball
3-2: Foul Ball, location: 2F
3-2: Base on Balls
Parker Smith to third
Randy Tucker to second
Pitching: RHP Louis Webber
Batting: RHB Reggie Kahn 0-0: Called Strike
0-1: Ball
1-1: Foul Ball, location: 2F
1-2: Foul Ball, location: 2F
1-2: Foul Ball, location: 2F
1-2: Foul Ball, location: 2F
1-2: Fly out, F8 (Flyball, 78M)
Top of the 5th over - 0 run(s), 0 hit(s), 0 error(s), 3 left on base; Brinkley 0 - Sioux Falls 0
BOTTOM OF THE 5TH
Sioux Falls Red Pandas batting - Pitching for Brinkley Belugas : RHP Chae-seong Kim
Batting: RHB David Morales 0-0: Ball
1-0: Ball
2-0: Swinging Strike
2-1: Swinging Strike
2-2: Strikes out swinging
Batting: RHB Emílio Ortíz 0-0: Called Strike
0-1: Ground out U3 (Groundball, 3)
Batting: RHB Jesús Vásquez 0-0: Ground out 5-3 (Groundball, 56)
Bottom of the 5th over - 0 run(s), 0 hit(s), 0 error(s), 0 left on base; Brinkley 0 - Sioux Falls 0
TOP OF THE 6TH
Brinkley Belugas batting - Pitching for Sioux Falls Red Pandas : RHP Louis Webber
Batting: RHB Steve Jones 0-0: Reached via error on a dropped throw, E3
Batting: RHB Jason Weston 0-0: Called Strike
0-1: Ball
1-1: Ball
2-1: Foul Ball, location: 2F
2-2: Ball
3-2: Base on Balls
Steve Jones to second
Batting: SHB Noel King 0-0: Called Strike
0-1: Called Strike
0-2: Ball
1-2: Ball
2-2: Foul Ball, location: 2F
2-2: Ground out 3-1 (Groundball, 34S)
Steve Jones to third
Jason Weston to second
Batting: RHB Tom Christensen 0-0: Called Strike
0-1: Ball
1-1: Ball
2-1: Foul Ball, location: 2F
2-2: Ground out U3 (Groundball, 34)
Steve Jones scores
Jason Weston to third
Batting: RHB Parker Smith 0-0: Foul Ball, location: 2F
0-1: Ground out U3 (Groundball, 34)
Top of the 6th over - 1 run(s), 0 hit(s), 1 error(s), 1 left on base; Brinkley 1 - Sioux Falls 0
BOTTOM OF THE 6TH
Sioux Falls Red Pandas batting - Pitching for Brinkley Belugas : RHP Chae-seong Kim
Batting: LHB Armando Becerra 0-0: Called Strike
0-1: Ball
1-1: Called Strike
1-2: Ball
2-2: Ball
3-2: Foul Ball, location: 2F
3-2: Strikes out looking
Batting: RHB Mario Piña 0-0: Swinging Strike
0-1: Foul Ball, location: 2F
0-2: Foul Ball, location: 2F
0-2: Ball
1-2: Strikes out looking
Batting: LHB Magali Lenidas 0-0: Ball
1-0: Foul Ball, location: 2F
1-1: Foul Ball, location: 2F
1-2: Strikes out looking
Bottom of the 6th over - 0 run(s), 0 hit(s), 0 error(s), 0 left on base; Brinkley 1 - Sioux Falls 0
TOP OF THE 7TH
Brinkley Belugas batting - Pitching for Sioux Falls Red Pandas : RHP Louis Webber
Batting: RHB Alonso Rivera 0-0: Called Strike
0-1: Called Strike
0-2: Ground out 5-3 (Groundball, 56)
Pitching: RHP Shao-qi Phan
Batting: RHB Randy Tucker 0-0: Called Strike
0-1: Foul Ball, location: 2F
0-2: Hit by Pitch
Pinch Hitting: LHB Eric Porter 0-0: Ball
Randy Tucker steals 2nd base
1-0: Ball
2-0: Ball
3-0: Base on Balls
Batting: RHB Reggie Kahn 0-0: Called Strike
0-1: Fielders Choice at 2nd, 6-4 (Groundball, 6M)
Randy Tucker to third
Pinch Hitting: RHB Brandon Cole 0-0: DOUBLE (Flyball, 89D)
Randy Tucker scores
Reggie Kahn to third
Batting: RHB Jason Weston Balk!
Reggie Kahn scores
Brandon Cole to third
Pitching: RHP Orlando Ángel 0-0: Foul Ball, location: 2F
0-1: Called Strike
0-2: Strikes out looking
Top of the 7th over - 2 run(s), 1 hit(s), 0 error(s), 1 left on base; Brinkley 3 - Sioux Falls 0
BOTTOM OF THE 7TH
Sioux Falls Red Pandas batting - Pitching for Brinkley Belugas : RHP Chae-seong Kim
Pitching: RHP Steven Jones
Now at 2B: Iván Miranda
Now in RF: Roberto Ruíz
Batting: RHB Eduardo Sánchez 0-0: Fly out, F6 (Line Drive, 6)
Batting: SHB Tsing Guao 0-0: Fly out, F9 (Flyball, 9)
Batting: SHB Todd Hill 0-0: Fly out, F9 (Flyball, 9LS)
Bottom of the 7th over - 0 run(s), 0 hit(s), 0 error(s), 0 left on base; Brinkley 3 - Sioux Falls 0
TOP OF THE 8TH
Brinkley Belugas batting - Pitching for Sioux Falls Red Pandas : RHP Orlando Ángel
Batting: SHB Noel King 0-0: Called Strike
0-1: Called Strike
0-2: Foul Ball, location: 2F
0-2: Ball
1-2: Ball
2-2: Ball
3-2: SINGLE (Line Drive, 8LS)
Batting: RHB Tom Christensen 0-0: Fly out, F7 (Flyball, 7S)
Batting: RHB Parker Smith 0-0: Ball
1-0: Ball
2-0: Ball
3-0: Called Strike
3-1: SINGLE (Groundball, 56D)
Noel King to second
Batting: RHB Alonso Rivera 0-0: Foul Ball, location: 2F
0-1: Called Strike
0-2: Strikes out looking
Batting: RHB Randy Tucker 0-0: Ball
1-0: Called Strike
1-1: Foul Ball, location: 2F
1-2: Ball
2-2: Ball
3-2: Base on Balls
Noel King to third
Parker Smith to second
Pinch Hitting: RHB Kelly Harris 0-0: Called Strike
0-1: Foul Ball, location: 2F
0-2: Strikes out swinging
Top of the 8th over - 0 run(s), 2 hit(s), 0 error(s), 3 left on base; Brinkley 3 - Sioux Falls 0
BOTTOM OF THE 8TH
Sioux Falls Red Pandas batting - Pitching for Brinkley Belugas : RHP Steven Jones
Now at 2B: Roberto Ramírez
Batting: RHB David Morales 0-0: Ball
1-0: Foul Ball, location: 2F
1-1: Ball
2-1: SINGLE (Groundball, 6D)
Batting: RHB Emílio Ortíz 0-0: Called Strike
0-1: Ball
1-1: Swinging Strike
1-2: Strikes out swinging
Batting: RHB Jesús Vásquez 0-0: Called Strike
0-1: Ball
1-1: Ball
2-1: Ball
3-1: Called Strike
3-2: Strikes out swinging
Pitching: LHP Glen Holland
Batting: LHB Armando Becerra 0-0: Fly out, F9 (Flyball, 9LS)
Bottom of the 8th over - 0 run(s), 1 hit(s), 0 error(s), 1 left on base; Brinkley 3 - Sioux Falls 0
TOP OF THE 9TH
Brinkley Belugas batting - Pitching for Sioux Falls Red Pandas : RHP Orlando Ángel
Batting: RHB Reggie Kahn 0-0: Ball
1-0: Foul Ball, location: 2F
1-1: Fly out, F9 (Flyball, 9LM)
Batting: RHB Roberto Ruíz 0-0: Called Strike
0-1: Ball
1-1: Ball
2-1: Ball
3-1: SINGLE (Line Drive, 34)
Batting: RHB Jason Weston 0-0: Swinging Strike
0-1: Foul Ball, location: 2F
0-2: Ball
1-2: Ball
2-2: Strikes out swinging
Roberto Ruíz is caught stealing 2nd base
Batter strikes out.
Top of the 9th over - 0 run(s), 1 hit(s), 0 error(s), 0 left on base; Brinkley 3 - Sioux Falls 0
BOTTOM OF THE 9TH
Sioux Falls Red Pandas batting - Pitching for Brinkley Belugas : LHP Glen Holland
Pitching: LHP Ramón García
Batting: RHB Mario Piña 0-0: Ball
1-0: Swinging Strike
1-1: Ball
2-1: Foul Ball, location: 2F
2-2: Ball
3-2: SINGLE (Groundball, 56D)
Batting: LHB Magali Lenidas 0-0: Foul Ball, location: 2F
0-1: Foul Ball, location: 2F
0-2: Ball
1-2: Ball
2-2: SINGLE (Groundball, 34D)
Mario Piña to second
Runner from 2nd tries for 3rd, SAFE, throw made to third
Batting: RHB Eduardo Sánchez 0-0: Ball
1-0: Foul Ball, location: 2F
1-1: Ball
2-1: Called Strike
2-2: Strikes out swinging
Batting: SHB Tsing Guao 0-0: Foul Ball, location: 2F
0-1: Ball
1-1: Foul Ball, location: 2F
1-2: Ball
2-2: Fly out, F8 (Line Drive, 8LXD)
Runner from 3rd tags up, SCORES, no throw
Pinch Hitting: RHB Miguel Rodríguez 0-0: Ball
1-0: Called Strike
1-1: Fly out, F9 (Flyball, 9LS)
Bottom of the 9th over - 1 run(s), 2 hit(s), 0 error(s), 1 left on base; Brinkley 3 - Sioux Falls 1
Friday, December 30th, 2016 - OOTP Baseball 17.12 Build 75